 Dungeon Crawl Stone Soup version 0.25.1-2-g60ff931 (webtiles) character file.

Game seed: 17268840519455698204

16 Darkleer the Charmwright (level 2, 0/22 HPs)
             Began as a Demonspawn Skald on Aug 12, 2020.
             Slain by a hobgoblin
             ... wielding a +0 club
              (1 damage)
             ... on level 1 of the Dungeon.
             The game lasted 00:03:43 (598 turns).

Darkleer the Charmwright (Demonspawn Skald)          Turns: 598, Time: 00:03:44

Health: 0/22       AC:  4    Str: 11    XL:     2   Next: 37%
Magic:  0/5        EV: 12    Int: 14    God:
Gold:   0          SH:  0    Dex: 12    Spells: 4/5 levels left

rFire    . . .     SeeInvis .     - Unarmed
rCold    . . .     Gourm    .   (no shield)
rNeg     . . .     Faith    .   a - +0 leather armour
rPois    .         Spirit   .   (no helmet)
rElec    .         Reflect  .   (no cloak)
rCorr    .         Harm     .   (no gloves)
MR       .....                  f - +0 pair of boots
Stlth    ++........             (no amulet)
HPRegen  0.07/turn              (no ring)
MPRegen  0.09/turn              (no ring)

@: infused (expiring)
A: nightstalker 1
a: no special abilities


You were on level 1 of the Dungeon.
You were not hungry.

You visited 1 branch of the dungeon, and saw 1 of its levels.

Inventory:

Missiles
 e - 25 bolts
Armour
 a - a +0 leather armour (worn)
 f - a +0 pair of boots (worn)
Jewellery
 b - an uncursed ring of ice {unknown}
 g - a cursed ring of flight {unknown}
Comestibles
 c - 2 rations
 d - 6 chunks of flesh


   Skills:
 + Level 2.1 Fighting
 + Level 1.1 Armour
 + Level 1.9 Dodging
 + Level 1.8 Unarmed Combat
 * Level 2.2 Spellcasting
 * Level 2.9 Charms


You had 4 spell levels left.
You knew the following spells:

 Your Spells              Type           Power        Failure   Level  Hunger
a - Infusion              Chrm           #...         9%          1    #......

Your spell library contained the following spells:

 Spells                   Type           Power        Failure   Level  Hunger
 Song of Slaying          Chrm           #.......     14%         2    ###....
 Shroud of Golubria       Chrm/Tloc      #.....       26%         2    ###....
 Ozocubu's Armour         Chrm/Ice       #.......     45%         3    ###....
 Spectral Weapon          Hex/Chrm       #.......     45%         3    ###....


Dungeon Overview and Level Annotations

Branches:
Dungeon (1/15)

Altars:


Innate Abilities, Weirdness & Mutations

You are slightly more attuned to the shadows.


Message History

The leopard gecko is almost dead.
The leopard gecko bites you.
* * * LOW HITPOINT WARNING * * *
You closely miss the leopard gecko.
The leopard gecko is almost dead.
Your magical infusion is running out.
The leopard gecko bites you but does no damage.
You aren't carrying any potions.
You hit the leopard gecko.
You kill the leopard gecko!
You hit the hobgoblin.
The hobgoblin is severely wounded.
The hobgoblin hits you but does no damage.
You closely miss the hobgoblin.
The hobgoblin is severely wounded.
The hobgoblin barely misses you.
You hit the hobgoblin but do no damage.
The hobgoblin is severely wounded.
The hobgoblin hits you with a +0 club.
You die...

..............##.<.''.>.##.#..###
.......#......##...##...##.......
.......#......##+####...####.#.##
###....#......##.# ##+###...#...
##.....#......##.# #......#
##.....#.(....##.# +........
..............##.# #........
.....###......##.# #........
..............##@# #........
..........###.##g# +.....#.#
..........# #.##.# ##.......
....)#....# #.##.## #.......
.....#....# #.....# .....
#.....##### #..........
#.....##... .......... ..


You could see a hobgoblin.

Vanquished Creatures
  2 leopard geckos (D:1)
  A bat (D:1)
  3 goblins (D:1)
  3 hobgoblins (D:1)
  A frilled lizard (D:1)
  A kobold (D:1)
  A rat (D:1)
12 creatures vanquished.

Notes
Turn   | Place    | Note
-------+----------+-------------------------------------------
     0 | D:1      | Darkleer the Demonspawn Skald began the quest for the Orb.
     0 | D:1      | Reached XP level 1. HP: 16/16 MP: 3/3
   314 | D:1      | Reached skill level 1 in Armour
   345 | D:1      | Gained mutation: You are slightly more attuned to the
                  | shadows. [demonic ancestry]
   345 | D:1      | Reached XP level 2. HP: 18/22 MP: 5/5
   593 | D:1      | HP: 1/22 [leopard gecko (5)]
   598 | D:1      | Slain by a hobgoblin

Illustrated notes

Levels and vault maps discovered:
D:1:      dpeg_arrival_simpleton_b, layout_basic, chequers_serial_rivers_small_b

Skill      XL: |  1 |
---------------+----+-----
Armour         | 1 |  1.1
Fighting       | |  2.1
Dodging        | |  1.9
Unarmed Combat | |  1.8
Spellcasting   | |  2.2
Charms         | |  2.9

Action                   || total
-------------------------++-------
Melee: Unarmed           ||    65
       Punch             ||     1
 Cast: Infusion          ||     5
  Use: Scroll            ||     1
Armor: Leather armour    ||    14
Dodge: Dodged            ||    44
